 Dungeon Crawl Stone Soup version 0.28-a0-1292-gb4563b27b3 (webtiles) character file.

Game seed: 5689030591774668206

46 Cheeritup the Shooter (level 3, -1/31 HPs)
             Began as a Minotaur Hunter on Dec 27, 2021.
             Slain by Natasha (7 damage)
             ... on level 2 of the Dungeon.
             The game lasted 00:08:59 (1102 turns).

Cheeritup the Shooter (Minotaur Hunter)             Turns: 1102, Time: 00:09:00

Health: -1/31      AC:  3    Str: 16    XL:     3   Next: 44%
Magic:  2/2        EV: 12    Int:  8    God:
Gold:   26         SH:  0    Dex: 12    Spells: 2/2 levels left

rFire   . . .      SeeInvis .   f - +0 mace (protect)
rCold   . . .      Faith    .   (no shield)
rNeg    . . .      Spirit   .   c - +0 leather armour
rPois   .          Reflect  .   (helmet restricted)
rElec   .          Harm     .   (no cloak)
rCorr   .          Rampage  .   (no gloves)
Will    .....                   (no boots)
Stlth   +.........              (no amulet)
HPRegen 0.10/turn               (no ring)
MPRegen 0.08/turn               (no ring)

@: slowed, very slow
A: horns 2, retaliatory headbutt
a: no special abilities


You were on level 2 of the Dungeon.
You visited 1 branch of the dungeon, and saw 2 of its levels.

You collected 26 gold pieces.

Inventory:

Hand Weapons
 a - a +1 shortbow
 f - a +0 mace of protection (weapon)
 g - a +1 dagger of venom
Missiles
 d - 11 arrows
Armour
 c - a +0 leather armour (worn)
Jewellery
 i - an amulet of reflection
Scrolls
 b - a scroll of immolation {unknown}
 e - a scroll of blinking
 h - a scroll of amnesia {unknown}
 j - a scroll of teleportation {unknown}
 k - a scroll of fear {unknown}


   Skills:
 + Level 3.3 Fighting
 + Level 4.9 Bows
 + Level 1.8 Armour
 - Level 2.2 Dodging
 - Level 0.8 Stealth


You had 2 spell levels left.
You didn't know any spells.
Your spell library contained the following spells:

 Spells                   Type           Power      Damage    Failure   Level
 Call Canine Familiar     Summ           0%         N/A       85%         3
 Dazzling Flash           Conj/Hex       0%         N/A       85%         3
 Portal Projectile        Hex/Tloc       0%         N/A       85%         3
 Iskenderun's Mystic Bla  Conj/Tloc      0%         2d3       99%         4
 Leda's Liquefaction      Hex/Erth       0%         N/A       99%         4
 Starburst                Conj/Fire      0%         6d3       100%        6


Dungeon Overview and Level Annotations

Branches:
Dungeon (2/15)

Altars:

Shops:
D:2 =

Annotations:
D:2 Natasha


Innate Abilities, Weirdness & Mutations

You have a pair of horns on your head.
You reflexively headbutt those who attack you in melee.


Message History

Natasha mumbles some strange words.
Fire: 13 arrows
Press: ? - help, Q - select action Shift-Dir - straight line, f/p - Natasha
Aim: Natasha (55% to hit)
You shoot an arrow. The arrow hits Natasha.
Natasha is moderately wounded.
Natasha drinks a potion.
Natasha suddenly seems more resistant.
Natasha casts a spell.
The shadow imp shouts, "Give up, thou worthless clay-brained veal!"
The shadow imp gestures at you. Pain shoots through your body!
Fire: 12 arrows
Press: ? - help, Q - select action Shift-Dir - straight line, f/p - Natasha
Aim: Natasha (moderately wounded, unusually resistant, 55% to hit)
You shoot an arrow. The arrow barely misses Natasha.
Natasha growls.
The white imp gestures at you. The puff of frost hits you!
Your +0 mace of protection hums with potential!
f - a +0 mace of protection (weapon)
Blink to where?
Press: ? - help, Dir - move target, p - Natasha
Okay, then.
Blink to where?
Press: ? - help, Dir - move target, p - Natasha
As you read the scroll of blinking, it crumbles to dust.
Natasha mumbles some strange words.
The shadow imp shouts, "Scamper hence, thou paunchy tardy-gaited fleecer!"
The shadow imp gestures at you.
You barely resist. The white imp gestures at you. The puff of frost hits you!
* * * LOW HITPOINT WARNING * * *
You see here an emerald potion.
Natasha casts a spell at you.
You feel yourself slow down.
Found an escape hatch in the ceiling.
An adder comes into view.
Natasha claws you!
You die...

#.. ...... .... #..... ....###
.....#.# ....... #... ..
....... ... ..### ....... #.#
..... ...........#####.#......
####.......<...@h.l.5#......
##..(..# S.....######........
#......# ..... ##.##.....
.......#..... #..# ......
.>.....#..... ###.###......
.......#..# #####..l.........
..........####.....##.........
....................#..h......
.#.....#.#####.####..l........


You could see Natasha (resistant), an adder (asleep), a shadow imp (summoned)
and a frilled lizard.

Vanquished Creatures
  A gnoll (D:1)
  An adder (D:2)
  2 dart slugs (D:2)
  2 endoplasms
  A giant cockroach (D:1)
  A quokka (D:1)
  2 ball pythons (D:1)
  4 bats (D:1)
  2 frilled lizards (D:1)
  3 goblins
  3 kobolds (D:1)
  5 rats (D:1)
27 creatures vanquished.

Notes
Turn   | Place    | Note
-------+----------+-------------------------------------------
     0 | D:1      | Cheeritup the Minotaur Hunter began the quest for the Orb.
     0 | D:1      | Reached XP level 1. HP: 18/18 MP: 0/0
    83 | D:1      | Reached skill level 1 in Armour
    83 | D:1      | Reached XP level 2. HP: 25/25 MP: 1/1
   729 | D:2      | Reached XP level 3. HP: 27/31 MP: 2/2
  1028 | D:2      | Found Ategatz's Jewellery Shoppe.
  1083 | D:2      | Noticed Natasha
  1102 | D:2      | Slain by Natasha

Illustrated notes

Levels and vault maps discovered:
D:1:      minmay_arrival_three_doors, layout_basic, st_stairs_1,
          minmay_box_of_dots
D:2:      layout_rooms, serial_shops, nicolae_shop_advertising_works
          [nicolae_subvault_shop_adworks], uniq_natasha

Skill      XL: |  1  2 |
---------------+-------+-----
Armour         | 1 |  1.8
Fighting       | 3 |  3.3
Bows           | |  4.9
Dodging        | |  2.2
Stealth        | |  0.8

Action                   || total
-------------------------++-------
Melee: Short sword       ||     3
       Headbutt          ||     4
       Mace              ||    11
 Fire: Shortbow          ||    48
  Use: Scroll            ||     4
Armor: Leather armour    ||    11
Dodge: Dodged            ||    30

Table legend: (Time is in decaauts)
 A = Elapsed time spent in this place.
 B = Non-inter-level travel time spent in this place.
 C = Inter-level travel time spent in this place.
 D = Time resting spent in this place.
 E = Time spent auto-exploring this place.
 F = Levels seen in this place.
 G = Mean time per level.
                   A        B        C        D        E       F      G
               +--------+--------+--------+--------+--------+-----+--------+
         Total |   1107 |   1082 |     25 |    206 |    353 |   2 |  553.5 |
       Dungeon |   1107 |   1082 |     25 |    206 |    353 |   2 |  553.5 |
               +--------+--------+--------+--------+--------+-----+--------+

Top non-repeatable levels by time:
     D:1: 723 daAuts
     D:2: 383 daAuts
